 Dungeon Crawl Stone Soup version 0.28-a0-580-ga2639ab843 (webtiles) character file.

Game seed: 11122281955119605954

52 iamoutofideas the Chopper (level 3, -1/30 HPs)
             Began as a Hill Orc Gladiator on Oct 3, 2021.
             Succumbed to a kobold's poison
             ... on level 2 of the Dungeon.
             The game lasted 00:02:07 (1072 turns).

iamoutofideas the Chopper (Hill Orc Gladiator)      Turns: 1072, Time: 00:02:08

Health: -1/30      AC: 10    Str: 17    XL:     3   Next: 85%
Magic:  3/3        EV: 10    Int:  8    God:
Gold:   59         SH:  5    Dex: 12    Spells: 2/2 levels left

rFire   . . .      SeeInvis .   a - +0 war axe (vorpal)
rCold   . . .      Faith    .   (no shield)
rNeg    . . .      Spirit   .   l - +0 scale mail
rPois   .          Reflect  +   c - +0 helmet
rElec   .          Harm     .   (no cloak)
rCorr   .          Rampage  .   (no gloves)
Will    .....                   p - +2 pair of boots
Stlth   ..........              e - amulet of reflection
HPRegen 0.10/turn               (no ring)
MPRegen 0.08/turn               (no ring)

@: lethally poisoned (-1 -> -9)
A: no striking features
a: no special abilities


You were on level 2 of the Dungeon.
You visited 1 branch of the dungeon, and saw 2 of its levels.

You collected 59 gold pieces.

Inventory:

Hand Weapons
 a - a +0 vorpal war axe (weapon)
 i - a +0 dagger of venom
Missiles
 d - 3 throwing nets (quivered)
Armour
 b - a +0 leather armour
 c - a +0 helmet (worn)
 l - a +0 scale mail (worn)
 p - a +2 pair of boots (worn)
Jewellery
 e - an amulet of reflection (around neck)
Scrolls
 f - a scroll of identify
 k - a scroll of enchant armour
 n - a scroll of teleportation {unknown}
 o - a scroll of amnesia {unknown}
Potions
 g - a potion of might


   Skills:
 - Level 2.5 Fighting
 + Level 5.5 Axes
 - Level 1.9 Throwing
 - Level 2.8 Dodging


You had 2 spell levels left.
You didn't know any spells.
Your spell library was empty.

Dungeon Overview and Level Annotations

Branches:
Dungeon (2/15)

Altars:


Message History

The kobold barely misses you.
You hit the kobold but do no damage.
You feel very sick.
The kobold hits you with a +0 dagger of venom.
You are lethally poisoned!
You hit the kobold.
You kill the kobold!
You feel very sick.
* * * LOW HITPOINT WARNING * * *
You feel very sick.
You see here a +0 dagger of venom.
i - a +0 dagger of venom
* * * LOW HITPOINT WARNING * * *
You feel very sick.
There is a lethal amount of poison in your body!
There is a lethal amount of poison in your body!
Okay, then.
As you read the scroll labelled ZOPUUXY YRUCW, it crumbles to dust.
It is a scroll of identify.
k - a scroll of enchant armour
* * * LOW HITPOINT WARNING * * *
You feel sick.
Blink to where?
Press: ? - help, Dir - move target
As you read the scroll labelled PIOROC PYEKK, it crumbles to dust.
It was a scroll of blinking.
* * * LOW HITPOINT WARNING * * *
You feel sick.
Okay, then.
Okay, then.
Okay, then.
Okay, then.
Sorry, you're not good enough to have a special ability.
You aren't carrying any items that you can evoke.
Unknown command.
As you read the scroll labelled KOCATT UCWA, it crumbles to dust.
It is a scroll of brand weapon.
Your +0 war axe emits a brilliant flash of light!
a - a +0 vorpal war axe (weapon)
You die...

.......#.###.#.#.....# #......#
.#.###....§#.#.#####.# #......#
.........#<....# #.# #......###
###.#...(#.#÷#######.###.........
...>.............................
###.#.#....#....########.......##
# #.#.##.###....# #######.# #
#.#.##.# #....########## #.# #
#.#....###....@÷.......#####.## #
#[...........).÷.......'....... #
#############..........######## #
#..........# # #..........# #####
#..........# ....# #..........#
..>.# #..........# ....#
####.#######


There were no monsters in sight!

Vanquished Creatures
  An adder (D:2)
  3 dart slugs
  3 ball pythons
  2 endoplasms
  2 giant cockroaches (D:1)
  3 goblins
  3 hobgoblins
  2 kobolds
  2 quokkas (D:1)
  8 bats
  A frilled lizard (D:1)
  6 rats
  A toadstool (D:1)
37 creatures vanquished.

Vanquished Creatures (others)
  3 toadstools (D:1)
3 creatures vanquished.

Grand Total: 40 creatures vanquished

Notes
Turn   | Place    | Note
-------+----------+-------------------------------------------
     0 | D:1      | iamoutofideas the Hill Orc Gladiator began the quest for
                  | the Orb.
     0 | D:1      | Reached XP level 1. HP: 18/18 MP: 1/1
    31 | D:1      | Reached XP level 2. HP: 23/25 MP: 2/2
   327 | D:1      | You fall into a shaft and drop 1 floor!
   349 | D:2      | Reached XP level 3. HP: 30/30 MP: 3/3
   465 | D:1      | Found a faded altar of an unknown god.
   691 | D:2      | Reached skill level 5 in Axes
  1071 | D:2      | HP: 1/30 [poisoned by a kobold]
  1072 | D:2      | Succumbed to a kobold's poison

Illustrated notes

Levels and vault maps discovered:
D:1:      ldierk_water_garden, layout_rooms,
          shapermc_ecumenical_altar_mp_ritualfount, dk_noncrumbling_2,
          nrook_mini_vaults
D:2:      minmay_inner_zag, layout_basic, uniq_robin

Skill      XL: |  1  2  3 |
---------------+----------+-----
Axes           | 5 |  5.5
Fighting       | |  2.5
Throwing       | |  1.9
Dodging        | |  2.8

Action                   || total
-------------------------++-------
Melee: War axe           ||   102
  Use: Potion            ||     4
       Scroll            ||     3
 Stab: Sleeping          ||     1
Armor: Leather armour    ||    28
       Scale mail        ||    26
Dodge: Dodged            ||    89
Block: Other             ||    20
       Reflection        ||     1

Table legend: (Time is in decaauts)
 A = Elapsed time spent in this place.
 B = Non-inter-level travel time spent in this place.
 C = Inter-level travel time spent in this place.
 D = Time resting spent in this place.
 E = Time spent auto-exploring this place.
 F = Levels seen in this place.
 G = Mean time per level.
                   A        B        C        D        E       F      G
               +--------+--------+--------+--------+--------+-----+--------+
         Total |   1102 |   1035 |     67 |    131 |    574 |   2 |  551.0 |
       Dungeon |   1102 |   1035 |     67 |    131 |    574 |   2 |  551.0 |
               +--------+--------+--------+--------+--------+-----+--------+

Top non-repeatable levels by time:
     D:1: 703 daAuts
     D:2: 399 daAuts
